 Dungeon Crawl Stone Soup version 0.29.1-1-gd02db6906a (webtiles) character file.

Game seed: 10365897625915873783

28842 sanboga the Severer (level 13, -27/109 HPs)
             Began as a Minotaur Monk on Oct 3, 2022.
             Was a High Priest of Hepliaklqana.
             Annihilated by Urug
             ... wielding a +1 eveningstar of protection
              (34 damage)
             ... on level 14 of the Dungeon.
             The game lasted 00:24:45 (16159 turns).

sanboga the Severer (Minotaur Monk)                Turns: 16159, Time: 00:24:45

Health: -27/109    AC:  0    Str: 21    XL:     13   Next: 11%
Magic:  12/12      EV: 15    Int:  7    God:    Hepliaklqana [*****.]
Gold:   292        SH:  0    Dex: 13    Spells: 12/12 levels left

rFire   . . .      SeeInvis .   (weapon currently unavailable)
rCold   . . .      Faith    .   (shield currently unavailable)
rNeg    . . .      Spirit   .   (body armour currently unavailable)
rPois   .          Reflect  .   (helmet currently unavailable)
rElec   .          Harm     .   (cloak currently unavailable)
rCorr   .          Rampage  .   (gloves currently unavailable)
Will    .....                   (boots currently unavailable)
Stlth   ++........              (no amulet)
HPRegen 0.28/turn               (ring currently unavailable)
MPRegen 0.13/turn               (ring currently unavailable)

@: mighty, pig-form, very quick
A: fast, no casting, reduced essence, small, (horns 2), (retaliatory headbutt)
a: Renounce Religion, Recall Ancestor, Ancestor Identity, Transference, Idealise


You were on level 14 of the Dungeon.
You worshipped Hepliaklqana.
Hepliaklqana was extremely pleased with you.
You were a filthy swine.
You visited 3 branches of the dungeon, and saw 17 of its levels.

You collected 1875 gold pieces.
You spent 1583 gold pieces at shops.

Inventory:

Hand Weapons
 w - the +6 shillelagh "Devastator" (melded) {shatter}
   (You found it on level 4 of the Dungeon)

   It releases a powerful concussive burst when it strikes, dealing extra damage
   to the target and all other foes adjacent to them.
 z - a +2 broad axe of freezing
Armour
 b - a +2 hat of stealth (melded)
 m - a +0 pair of gloves (melded)
 p - a +1 cloak (melded)
 t - a +0 pair of boots (melded)
 D - a +0 plate armour (melded)
 I - a +0 kite shield (melded)
Jewellery
 e - a +4 ring of slaying (melded)
 i - a +6 ring of dexterity (melded)
 k - a ring of resist corrosion
Wands
 h - a wand of roots (19)
 q - a wand of flame (29)
 x - a wand of charming (1)
Scrolls
 a - 7 scrolls of blinking
 g - 8 scrolls of teleportation
 l - a scroll of enchant weapon
 r - a scroll of magic mapping
 s - a scroll of enchant armour
 y - a scroll of brand weapon
 A - 4 scrolls of silence
 B - 2 scrolls of summoning
 E - 3 scrolls of identify
Potions
 c - 7 potions of ambrosia
 d - 7 potions of curing
 f - a potion of flight
 j - 5 potions of haste
 o - 4 potions of magic
 u - 6 potions of heal wounds
 v - 2 potions of might
 F - a potion of invisibility
 G - a potion of mutation
 H - a potion of cancellation


   Skills:
 + Level 13.1 Fighting
 * Level 17.8 Axes
 + Level 12.5 Armour
 - Level 3.2 Dodging
 - Level 1.5 Stealth
 + Level 7.2 Evocations


You had 12 spell levels left.
You didn't know any spells.
Your spell library contained the following spells:

 Spells                   Type           Power      Damage    Failure   Level
 Freeze                   Ice            0%         1d3       43%         1
 Sting                    Tmut/Pois      0%         1d3       43%         1
 Summon Small Mammal      Summ           0%         N/A       43%         1
 Ensorcelled Hibernation  Hex/Ice        0%         N/A       56%         2
 Poisonous Vapours        Pois/Air       0%         N/A       56%         2
 Static Discharge         Conj/Air       0%         3-3/arc   56%         2
 Sublimation of Blood     Necr           0%         N/A       56%         2
 Wereblood                Tmut           0%         N/A       56%         2
 Call Canine Familiar     Summ           0%         N/A       80%         3
 Conjure Flame            Conj/Fire      0%         6-21      80%         3
 Frozen Ramparts          Ice            0%         1d1       80%         3
 Gell's Gravitas          Tloc           0%         N/A       80%         3
 Ignite Poison            Fire/Tmut/Pois 0%         N/A       80%         3
 Lesser Beckoning         Tloc           0%         N/A       80%         3
 Spider Form              Tmut/Pois      0%         N/A       80%         3
 Summon Guardian Golem    Hex/Summ       0%         N/A       80%         3
 Teleport Other           Tloc           0%         N/A       80%         3
 Anguish                  Hex/Necr       0%         N/A       99%         4
 Hailstorm                Conj/Ice       0%         3d3       99%         4
 Olgreb's Toxic Radiance  Pois           0%         N/A       99%         4
 Sticky Flame             Conj/Fire      0%         2d3       99%         4
 Summon Ice Beast         Ice/Summ       0%         N/A       99%         4
 Lightning Bolt           Conj/Air       0%         1d11      100%        5
 Malign Gateway           Summ/Tloc      0%         N/A       100%        7
 Summon Hydra             Summ           0%         N/A       100%        7
 Maxwell's Capacitive Co  Air            0%         ∞         100%        8
 Summon Horrible Things   Summ           0%         N/A       100%        8


Dungeon Overview and Level Annotations

Branches:
Dungeon (14/15)            Temple (1/1) D:7            Lair (0/5) D:10
    Orc (2/2) D:9          Vaults (0/5) D:14
    Elf: Orc:2

Altars:
Ashenzari
Cheibriados
Dithmenos
Elyvilon
Fedhas
Gozag
Hepliaklqana
Kikubaaqudgha
Makhleb
Okawaru
Qazlal
Ru
Sif Muna
Trog
Uskayaw
Vehumet
Wu Jian
Xom
Yredelemnul
Zin
The Shining One

Shops:
D:2 =*(?[   D:3 (   D:8 (   D:9 (:   D:10 ?   D:13 !

Annotations:
D:14 Urug


Innate Abilities, Weirdness & Mutations

You are a filthy swine.
You move quickly.
Your equipment is almost entirely melded.
You are incapable of wielding weapons or throwing items.
You cannot cast spells.
Your life essence is reduced to manifest your ancestor. (-10% HP)
((You have a pair of horns on your head.))
((You reflexively headbutt those who attack you in melee.))


Message History

The centaur warrior kicks you but does no damage.
Zebulon casts a spell at the brown ugly thing.
The brown ugly thing resists with some effort.
You sock Urug!
Urug, the ogre, the human and the centaur warrior shudder.
Urug is severely wounded.
The ogre is moderately wounded.
You kill the human!
The centaur warrior is severely wounded.
You headbutt Urug.
Urug is severely wounded.
The human hits you but does no damage. x2
The ogre mage hits you from afar with a +0 spear!
The human hits you.
Urug zaps a wand.
You turn into a filthy swine.
The +6 shillelagh "Devastator" {shatter} melds into your body.
Your +1 cloak melds into your body.
Your +2 hat of stealth melds into your body.
Your +0 pair of gloves melds into your body.
Your +0 pair of boots melds into your body.
Your +0 kite shield melds into your body.
Your +0 plate armour melds into your body.
Your +4 ring of slaying melds into your body.
Your +6 ring of dexterity melds into your body.
You feel less stealthy.
You feel clumsy. The centaur warrior misses you.
The centaur warrior barely misses you.
The brown ugly thing headbutts Zebulon!
Zebulon is destroyed!
The centaur warrior completely misses you.
The centaur warrior closely misses you. The human hits you!
* * * LOW HITPOINT WARNING * * *
The human hits you.
* * * LOW HITPOINT WARNING * * *
The human hits you!
* * * LOW HITPOINT WARNING * * *
The human hits you!
* * * LOW HITPOINT WARNING * * *
The human closely misses you. x2
Urug hits you with a +1 eveningstar of protection!!
You die...

#. ... ......
#.##..##......
#.............
#........u....
#......u...$..
#.....u.......
#....pOu...#..
#...pppO......
#..pchppO.....
#..†opppO.....
#....OOO......
#......O......
#.............
#.............
#....###......
####. .....


You could see Urug, 4 ugly things, a centaur warrior (drained), 5 two-headed
ogres, an ogre mage, 10 humans and 2 ogres.

Vanquished Creatures
  Gastronok (D:9)
  Nessos (D:13)
  3 boulder beetles (D:13)
  3 hydras
  A centaur warrior (D:13)
  3 two-headed ogres
  Erica (D:8)
  Pikel (D:7)
  An ugly thing (D:12)
  3 cyclopes
  3 manticores
  3 gargoyles
  A tengu conjurer (D:13)
  2 kobold demonologists (D:10)
  A queen bee (D:10)
  A troll (D:11)
  Grinder (D:4)
  6 slime creatures (D:13)
  A centaur simulacrum (D:12)
  3 wyverns
  14 yaks
  6 humans (D:14)
  A steam dragon (D:7)
  Eustachio (D:5)
  11 vampire mosquitoes
  Menkaure (D:7)
  An acid dragon (D:11)
  A warg (Orc:2)
  Edmund (D:4)
  A water moccasin (D:9)
  10 orc warriors
  2 sky beasts
  3 black bears
  5 ogres
  2 centaurs
  3 lemures (D:7)
  A phantom (D:5)
  2 kobold brigands
  4 bullfrogs
  A gnoll sergeant (D:6)
  7 scorpions
  9 wights
  10 killer bees (D:10)
  A howler monkey (D:12)
  5 hounds
  4 jellies
  8 orc priests
  Crazy Yiuf (D:2)
  3 iguanas
  10 orc wizards
  Robin (D:3)
  9 gnolls
  9 adders
  A white imp (D:7)
  An ufetubus (D:6)
  A worm (D:2)
  3 dart slugs
  41 orcs
  9 endoplasms
  2 giant cockroaches
  16 goblins
  6 hobgoblins
  4 jackals (D:2)
  3 quokkas
  9 ball pythons
  5 bats
  3 frilled lizards
  20 kobolds
  3 rats
315 creatures vanquished.

Vanquished Creatures (collateral kills)
  An orc high priest (Orc:2)
  An ugly thing (D:13)
  A cyclops (Orc:2)
  Joseph (D:8)
  2 slime creatures (D:13)
  3 yaks
  A vampire mosquito (D:13)
  3 acid dragons
  An orc warrior (Orc:1)
  2 wights (D:9)
  5 killer bees (D:10)
  2 orc priests (Orc:2)
  An orc wizard (Orc:2)
  3 orcs
27 creatures vanquished.

Vanquished Creatures (others)
  3 hexers
  5 fungi (D:10)
  4 plants (D:10)
12 creatures vanquished.

Grand Total: 354 creatures vanquished

Notes
Turn   | Place    | Note
-------+----------+-------------------------------------------
     0 | D:1      | sanboga the Minotaur Monk began the quest for the Orb.
     0 | D:1      | Reached XP level 1. HP: 19/19 MP: 0/0
   127 | D:1      | Reached skill level 4 in Axes
   129 | D:1      | Reached XP level 2. HP: 22/27 MP: 1/1
   136 | D:1      | Reached skill level 1 in Armour
   537 | D:1      | Got the Precepts of Generation
   671 | D:1      | Found a faded altar of an unknown god.
   851 | D:2      | Reached XP level 3. HP: 30/33 MP: 2/2
   915 | D:2      | Found Mokluseo's Armour Emporium.
   946 | D:2      | Found Jetzepi's Magic Scroll Emporium.
   954 | D:2      | Bought a scroll of identify for 28 gold pieces
   954 | D:2      | Bought a scroll of noise for 14 gold pieces
   975 | D:2      | Found Mounysch's Weapon Shoppe.
  1637 | D:1      | Reached skill level 5 in Axes
  1637 | D:1      | Reached XP level 4. HP: 38/40 MP: 3/3
  1751 | D:2      | Found Boha's Assorted Antiques.
  1763 | D:2      | Bought a fuming ruby potion for 26 gold pieces
  1763 | D:2      | Bought a coppery potion for 26 gold pieces
  1921 | D:2      | Found a runed translucent door.
  1922 | D:2      | Noticed Crazy Yiuf
  1983 | D:2      | Found Raehef's Jewellery Boutique.
  2046 | D:2      | Killed Crazy Yiuf
  2047 | D:2      | Reached XP level 5. HP: 32/47 MP: 4/4
  2178 | D:2      | Bought a scroll labelled FUECAP BIYTT for 29 gold pieces
  2659 | D:2      | Bought a scroll of teleportation for 42 gold pieces
  2956 | D:3      | Noticed Robin
  2965 | D:3      | Killed Robin
  3049 | D:3      | Found Tann's Antique Weapon Shoppe.
  3377 | D:4      | Noticed Edmund
  3400 | D:4      | Killed Edmund
  3401 | D:4      | Reached skill level 5 in Fighting
  3401 | D:4      | Reached skill level 6 in Axes
  3401 | D:4      | Reached XP level 6. HP: 20/56 MP: 5/5
  3475 | D:4      | Found the +6 shillelagh "Devastator" {shatter}
  3650 | D:3      | Reached skill level 7 in Axes
  3846 | D:4      | Noticed Grinder
  3873 | D:4      | Killed Grinder
  3874 | D:4      | Reached XP level 7. HP: 32/63 MP: 6/6
  4048 | D:4      | Reached skill level 8 in Axes
  4339 | D:4      | Identified the +1 morningstar of Obsession {vorpal, Will+
                  | Dex+8}
  4565 | D:5      | Entered Level 5 of the Dungeon
  4628 | D:5      | Reached skill level 5 in Armour
  4653 | D:5      | Reached XP level 8. HP: 69/71 MP: 7/7
  4731 | D:5      | Identified the +7 halberd of the Crushed Ears {vorpal,
                  | Fragile Int-5 Dex+8 SInv}
  4928 | D:3      | Bought a runed broad axe for 154 gold pieces
  5075 | D:5      | Reached skill level 9 in Axes
  5197 | D:5      | Found an ancient bone altar of Kikubaaqudgha.
  5207 | D:5      | Found a snail-covered altar of Cheibriados.
  5207 | D:5      | Found a sacrificial altar of Ru.
  5208 | D:5      | Found a shimmering altar of Xom.
  5301 | D:5      | Noticed Eustachio
  5307 | D:5      | Killed Eustachio
  5449 | D:5      | Found a blossoming altar of Fedhas.
  5611 | D:6      | Reached skill level 10 in Axes
  6002 | D:6      | Reached XP level 9. HP: 42/81 MP: 8/8
  6255 | D:6      | Found a stormy altar of Qazlal.
  6395 | D:7      | Reached skill level 11 in Axes
  6500 | D:7      | Found a staircase to the Ecumenical Temple.
  6520 | Temple   | Entered the Ecumenical Temple
  6703 | Temple   | Became a worshipper of Hepliaklqana the Forgotten
  6703 | Temple   | Reached * piety under Hepliaklqana
  6703 | Temple   | Reached ** piety under Hepliaklqana
  6731 | D:7      | Remembered your ancestor Zebulon as a hexer
  6879 | D:7      | Noticed a manticore
  6888 | D:7      | Killed a manticore
  7188 | D:7      | Noticed Menkaure
  7190 | D:7      | Killed Menkaure
  7525 | D:7      | Noticed Pikel
  7534 | D:7      | Killed Pikel
  7535 | D:7      | Reached skill level 12 in Axes
  7679 | D:8      | Noticed Erica
  7687 | D:8      | Killed Erica
  7688 | D:8      | Reached skill level 1 in Evocations
  7688 | D:8      | Reached XP level 10. HP: 44/81 MP: 9/9
  7991 | D:8      | Noticed Joseph
  8004 | D:8      | Killed Joseph
  8006 | D:8      | Reached skill level 13 in Axes
  8184 | D:8      | Found Binwacs's Weapon Boutique.
  8722 | D:9      | Found Geufa's Book Boutique.
  8866 | D:9      | Found a glowing golden altar of the Shining One.
  8868 | D:9      | Identified 2 scrolls of acquirement
  8996 | D:9      | Acquired 735 gold pieces
  8998 | D:9      | Acquired a +4 ring of slaying
  9166 | D:2      | Bought an orb of light for 192 gold pieces
  9166 | D:2      | Bought a +1 cloak for 138 gold pieces
  9242 | D:2      | Bought a scroll of enchant weapon for 105 gold pieces
  9242 | D:2      | Bought a scroll of enchant armour for 105 gold pieces
  9242 | D:2      | Bought a scroll of blinking for 105 gold pieces
  9375 | D:9      | Noticed Gastronok
  9380 | D:9      | Reached skill level 10 in Fighting
  9384 | D:9      | Killed Gastronok
  9385 | D:9      | Reached skill level 14 in Axes
  9627 | D:9      | Reached *** piety under Hepliaklqana
  9680 | D:9      | Found a staircase to the Orcish Mines.
  9680 | D:9      | Found Nusuilen's Weapon Emporium.
  9694 | D:9      | Reached XP level 11. HP: 64/90 MP: 10/10
 10206 | D:9      | Reached skill level 10 in Armour
 10474 | D:10     | Entered Level 10 of the Dungeon
 10574 | D:10     | Found Zastin's Magic Scroll Emporium.
 10578 | D:10     | Bought a scroll of blinking for 97 gold pieces
 10659 | D:10     | Found a burning altar of Makhleb.
 10841 | D:10     | Noticed a sixfirhy
 10974 | D:10     | Reached skill level 15 in Axes
 11119 | D:10     | Found a staircase to the Lair.
 11303 | D:10     | Found an opulent altar of Gozag.
 11579 | D:11     | Reached **** piety under Hepliaklqana
 11715 | D:11     | Reached skill level 5 in Evocations
 12140 | D:11     | Noticed a six-headed hydra
 12146 | D:11     | Killed a six-headed hydra
 12479 | D:11     | Noticed a two-headed ogre
 12484 | D:11     | Killed a two-headed ogre
 12575 | D:11     | Noticed a two-headed ogre
 12579 | D:11     | Killed a two-headed ogre
 12580 | D:11     | Reached XP level 12. HP: 94/99 MP: 11/11
 12655 | D:12     | Noticed a two-headed ogre
 12661 | D:12     | Reached skill level 16 in Axes
 12666 | D:12     | Killed a two-headed ogre
 13827 | D:13     | Noticed a boulder beetle
 13836 | D:13     | Killed a boulder beetle
 13915 | D:13     | Noticed Nessos
 13923 | D:13     | Killed Nessos
 14207 | D:13     | Noticed a centaur warrior
 14211 | D:13     | Noticed a four-headed hydra
 14216 | D:13     | Killed a centaur warrior
 14218 | D:13     | Killed a four-headed hydra
 14219 | D:13     | Reached skill level 17 in Axes
 14644 | D:13     | Noticed a boulder beetle
 14654 | D:13     | Killed a boulder beetle
 14781 | D:13     | Noticed a boulder beetle
 14786 | D:13     | Killed a boulder beetle
 15173 | D:13     | Found Duli's Distillery.
 15184 | D:13     | Bought a potion of mutation for 144 gold pieces
 15184 | D:13     | Bought a potion of heal wounds for 90 gold pieces
 15184 | D:13     | Bought a potion of cancellation for 144 gold pieces
 15184 | D:13     | Bought a potion of might for 72 gold pieces
 15184 | D:13     | Bought a potion of might for 72 gold pieces
 15605 | Orc:1    | Entered Level 1 of the Orcish Mines
 15620 | Orc:1    | Reached ***** piety under Hepliaklqana
 15731 | Orc:2    | Entered Level 2 of the Orcish Mines
 15789 | Orc:2    | Noticed an orc high priest
 15796 | Orc:2    | Reached XP level 13. HP: 85/107 MP: 12/12
 16151 | D:14     | Noticed Urug
 16151 | D:14     | Found a gate to the Vaults.
 16159 | D:14     | Annihilated by Urug

Illustrated notes

Levels and vault maps discovered:
D:1:      minmay_arrival_doors, layout_basic, ebering_ecumenical_altar_hall,
          minmay_vboxes
D:2:      layout_basic, serial_shops, nicolae_shop_bloodbath_and_beyond,
          nicolae_shop_waterfront, shop, nicolae_shop_behind_doors,
          nicolae_shop_advertising_works [nicolae_subvault_shop_adworks],
          uniq_crazy_yiuf_cottage
D:3:      layout_loops_ring, serial_shops, shop, minivault_5, uniq_robin
D:4:      layout_rooms, chequers_mini_garden, minmay_misc_feat_more_columns,
          dilly_guarded_unrand_devastator, uniq_edmund, uniq_grinder
D:5:      layout_loops_ring, fedhas_altar_2, minitemple,
          kennysheep_cross_bottleneck, st_stairs_5, corexii_corridor_pit,
          uniq_eustachio
D:6:      layout_rooms, nicolae_qazlal_style_of_elements, kennysheep_dice
D:7:      layout_basic, minmay_temple_entry_arrows, reono_crystal_passage,
          uniq_pikel, uniq_menkaure
D:8:      layout_basic, serial_shops, nicolae_shop_waterfront, uniq_erica,
          uniq_joseph
D:9:      layout_cave_pods, tso_oasis_becter, orc_david_3, serial_shops, shop,
          uniq_gastronok
D:10:     layout_basic, lemuel_doored_altar, amcnicky_altar_gilded,
          grunt_lair_entry_orc_guard_hut, serial_shops, kennysheep_mini,
          special_room [special_room_bee]
D:11:     kennysheep_big_flooded_room, layout_irregular_city,
          nicolae_two_hexagons
D:12:     layout_cross
D:13:     layout_irregular_city, serial_shops, shop, uniq_nessos
D:14:     layout_cave_pools, david_vaults_3, nicolae_vehumet_radiance,
          gammafunk_ghost_necromancy
Temple:   nicolae_temple_figure_eight
Orc:1:    layout_diamond_mine
Orc:2:    st_orc_mages, layout_caves, uniq_jorgrun

Skill      XL: |  1  2  3  4  5  6  7  8  9 10 11 12 13 |
---------------+----------------------------------------+-----
Axes           | 4 5 6 7 8 10 12 14 15 17 | 17.8
Armour         | 1 2 3 4 5 6 8 9 11 12 | 12.5
Fighting       | 4 5 6 7 9 10 11 12 13 | 13.1
Evocations     | 1 3 5 7 |  7.2
Dodging        | |  3.2
Stealth        | |  1.5

Action                   |  1- 3 |  4- 6 |  7- 9 | 10-12 | 13-15 || total
-------------------------+-------+-------+-------+-------+-------++-------
Melee: Hand axe          |    80 |   141 |    20 |       |       ||   241
       Headbutt          |    16 |    30 |    16 |    63 |     3 ||   128
       Punch             |       |     1 |       |     1 |       ||     2
       Shillelagh        |       |       |   108 |   269 |    10 ||   387
Invok: Ancestor Life: He |       |       |     1 |       |       ||     1
       Ancestor Identity |       |       |     1 |       |       ||     1
       Recall Ancestor   |       |       |       |       |     1 ||     1
  Use: Scroll            |     2 |     1 |     4 |    13 |       ||    20
       Potion            |     1 |     2 |       |     3 |     1 ||     7
 Stab: Sleeping          |     3 |     1 |     1 |       |       ||     5
       Invisible         |       |     1 |       |       |       ||     1
       Distracted        |       |       |       |    10 |     1 ||    11
       Confused          |       |       |       |     2 |       ||     2
Armor: Robe              |     7 |       |       |       |       ||     7
       Ring mail         |    11 |    41 |    57 |    68 |       ||   177
       Plate armour      |       |       |       |    49 |    27 ||    76
Dodge: Dodged            |    65 |    79 |    60 |   139 |    12 ||   355
Block: Kite shield       |       |       |       |     4 |     7 ||    11
